[Event "Team 45 45 League T46"]
[Site "Internet Chess Club"]
[Date "2010.08.23"]
[Round "3"]
[White "OGO"]
[Black "UsuallySleepy"]
[Result "0-1"]
[WhiteElo "1559"]
[BlackElo "1843"]
[Opening "Petrov: classical attack, Marshall variation"]
[ECO "C42"]
[Time "10:00:22"]
[TimeControl "2700+45"]

1. e4 e5 2. Nf3 Nf6 3. Nxe5 d6 4. Nf3 Nxe4 5. d4 d5 6. Bd3 Bd6 7. Be3 O-O 8. h3
Re8 9. O-O Nc6 10. Nbd2 Bf5 11. a3 h6 12. Rc1 Ne7 13. b4 Ng6 14. c4 Nxf2 15.
Bxf2 Bxd3 16. Re1 Rxe1+ 17. Qxe1 Nf4 18. Qe3 Ne2+ 19. Kh1 Nxc1 20. c5 Bf8 21.
Ne5 Bh7 22. Ndf3 f6 23. Ng4 Nd3 {White resigns} 0-1

[Event "Team 45 45 League T46"]
[Site "Internet Chess Club"]
[Date "2010.08.20"]
[Round "3"]
[White "sdcohle"]
[Black "kingsrook"]
[Result "1-0"]
[WhiteElo "1402"]
[BlackElo "1249"]
[Opening "QGD Slav: 4.Nc3"]
[ECO "D15"]
[Time "22:00:28"]
[TimeControl "2700+45"]

1. Nf3 d5 2. d4 Nf6 3. c4 c6 4. Nc3 Bf5 5. Bg5 Qb6 6. Qd2 Nbd7 7. e3 e6 8. Nh4
Bg4 9. h3 Bh5 10. cxd5 cxd5 11. Be2 Bxe2 12. Qxe2 Be7 13. O-O O-O 14. Nf3 Qc7
15. Rac1 Rac8 16. Nxd5 Qd8 17. Rxc8 Qxc8 18. Nxe7+ {Black resigns} 1-0

[Event "Team 45 45 League T46"]
[Site "Internet Chess Club"]
[Date "2010.08.23"]
[Round "3"]
[White "bowwrestler"]
[Black "dabodhi"]
[Result "1/2-1/2"]
[WhiteElo "1152"]
[BlackElo "1196"]
[Opening "Sicilian: Hungarian variation"]
[ECO "B34"]
[Time "18:30:19"]
[TimeControl "2700+45"]

1. e4 c5 2. Nf3 g6 3. d4 cxd4 4. Nxd4 Nc6 5. Be3 Nf6 6. Nc3 Bg7 7. Be2 O-O 8.
O-O d5 9. exd5 Nxd5 10. Nxc6 bxc6 11. Bf3 Be6 12. Qd2 Nxe3 13. Qxe3 Qa5 14. a3
Rfd8 15. Rfd1 Rab8 16. b4 Qe5 17. Rxd8+ Rxd8 18. Rd1 Rxd1+ 19. Nxd1 Qa1 20. h3
Bf6 21. Kh2 Bd5 22. Qd3 Be5+ 23. g3 Qd4 24. Qxd4 Bxd4 25. Bxd5 cxd5 26. a4 Kf8
27. Kg2 Ke8 28. Kf3 Kd7 29. Ne3 Ke6 30. Kf4 Bc3 31. b5 Bd2 32. Kf3 h5 33. Ke2
Bc3 34. Kd3 Be5 35. f4 Bd6 36. Kd4 Bb4 37. Nxd5 Be1 38. g4 hxg4 39. hxg4 Bf2+
40. Kc4 f5 41. gxf5+ gxf5 42. a5 Kf7 43. b6 axb6 44. Nxb6 e5 45. fxe5 f4 46. Kb5
f3 47. a6 Bxb6 48. Kxb6 f2 49. a7 f1=Q 50. a8=Q Qf2+ 51. Kc7 Qxc2+ 52. Kd6 Qd3+
53. Kc5 Qc3+ 54. Kd6 Qd3+ 55. Qd5+ Qxd5+ 56. Kxd5 Ke7 57. e6 Ke8 58. Kd4 Ke7 59.
Kd5 Ke8 60. Kd6 Kd8 61. Ke5 Ke7 62. Kf5 Ke8 63. Kg6 Ke7 64. Kf5 Ke8 65. Kf4 Ke7
66. Ke5 Ke8 67. Kd5 Ke7 68. Ke5 Ke8 69. Kd6 Kd8 70. Kc5 Ke7 71. Kd5 Ke8 {Game
drawn by repetition} 1/2-1/2

[Event "Team 45 45 League T46"]
[Site "Internet Chess Club"]
[Date "2010.08.23"]
[Round "3"]
[White "daniguti"]
[Black "Grenadier"]
[Result "0-1"]
[WhiteElo "1535"]
[BlackElo "1730"]
[Opening "Pirc: Austrian attack, 6.Bd3"]
[ECO "B09"]
[Time "20:00:48"]
[TimeControl "2700+45"]

1. e4 d6 2. d4 Nf6 3. Nc3 g6 4. f4 Bg7 5. Nf3 O-O 6. Bd3 Nc6 7. O-O Bg4 8. e5
dxe5 9. dxe5 Nd5 10. h3 Nxc3 11. bxc3 Bf5 12. Bxf5 Qxd1 13. Rxd1 gxf5 14. Rd7
Rac8 15. Ba3 Rfd8 16. Rad1 e6 17. Rxd8+ Rxd8 18. Rxd8+ Nxd8 19. Nd4 a6 20. Be7
Nc6 21. Nxc6 bxc6 22. Bd8 Kf8 23. Kf2 Ke8 24. Bxc7 Kd7 25. Bd6 Kc8 26. Ke3 Kb7
27. Bc5 a5 28. a4 h5 29. h4 Kc7 30. Kd3 f6 31. Bd4 fxe5 32. Bxe5+ Bxe5 33. fxe5
Kb6 34. Kc4 c5 35. g3 Kc6 36. Kd3 Kd5 37. Ke3 Kxe5 38. c4 Kf6 39. Kf3 e5 40. Ke3
e4 41. Kf4 Ke6 42. Ke3 Ke5 43. c3 Kf6 44. Kf2 Ke6 45. Ke2 Kf6 46. Kf2 Ke5 47.
Ke3 f4+ 48. gxf4+ Kf5 49. Ke2 Kxf4 50. Kf2 e3+ 51. Ke2 Ke4 52. Kd1 Kd3 53. Ke1
Kxc3 54. Ke2 Kd4 55. Kd1 Kxc4 56. Ke2 Kd4 57. Kd1 {White resigns} 0-1

[Event "Team 45 45 League T46"]
[Site "Internet Chess Club"]
[Date "2010.08.22"]
[Round "3"]
[White "GoIrish"]
[Black "JABalin"]
[Result "0-1"]
[WhiteElo "1573"]
[BlackElo "1796"]
[Opening "Réti opening"]
[ECO "A04"]
[Time "21:00:37"]
[TimeControl "2700+45"]

1. Nf3 g6 2. g3 Bg7 3. Bg2 d6 4. O-O Nf6 5. d3 O-O 6. e4 e5 7. Nc3 Ne8 8. Ne1
Nc6 9. f4 exf4 10. gxf4 f5 11. Nf3 fxe4 12. dxe4 Bg4 13. Qe1 Bxf3 14. Rxf3 Nd4
15. Rf2 Qh4 16. Qd2 Nc6 17. Ne2 Nf6 18. h3 Rae8 19. c3 Kh8 20. Qd3 Nh5 21. f5
gxf5 22. exf5 Ne5 23. Qe4 Qxe4 24. Bxe4 c6 25. Bf4 Nc4 26. Bf3 Nxf4 27. Nxf4
Rxf5 28. Bg4 Rff8 29. Raf1 Ne3 30. Re1 Nxg4 31. Rxe8 Rxe8 32. hxg4 Bh6 33. Rf1
Bxf4 34. Rxf4 Re2 35. Rb4 b5 36. c4 a5 37. Rb3 b4 38. a3 c5 39. axb4 axb4 40.
Rd3 Rxb2 41. Rxd6 Rc2 42. Rb6 Rxc4 43. g5 Rg4+ 44. Kf2 Rxg5 45. Rxb4 cxb4 {White
resigns} 0-1

[Event "Team 45 45 League T46"]
[Site "Internet Chess Club"]
[Date "2010.08.21"]
[Round "3"]
[White "P-K4"]
[Black "Esslinger"]
[Result "1-0"]
[WhiteElo "1410"]
[BlackElo "1403"]
[Opening "Scandinavian (center counter) defense"]
[ECO "B01"]
[Time "12:32:07"]
[TimeControl "2700+45"]

1. e4 d5 2. exd5 Qxd5 3. Nc3 Qa5 4. d4 c6 5. Nf3 Nf6 6. Ne5 Qd8 7. Bc4 Nd5 8.
Nxd5 cxd5 9. Qf3 Be6 10. Bb5+ Nc6 11. Nxc6 bxc6 12. Bxc6+ Bd7 13. Bxd5 Be6 14.
Bxa8 Qxd4 15. O-O g6 16. Rd1 Qa4 17. Bc6+ {Black resigns} 1-0

[Event "Team 45 45 League T46"]
[Site "Internet Chess Club"]
[Date "2010.08.22"]
[Round "3"]
[White "kingsrook"]
[Black "Oscar"]
[Result "0-1"]
[WhiteElo "1244"]
[BlackElo "1544"]
[Opening "Dutch"]
[ECO "A80"]
[Time "21:00:16"]
[TimeControl "2700+45"]

1. d4 f5 2. Nf3 Nf6 3. Bf4 d5 4. h3 Nc6 5. Nbd2 e6 6. c3 Be7 7. e3 a6 8. Bd3 Ne4
9. O-O O-O 10. Qe2 Bf6 11. Ne5 Nxe5 12. dxe5 Be7 13. Nf3 Bd7 14. Rfd1 Be8 15.
Nd4 Bf7 16. Rac1 Bh4 17. Rf1 Qe8 18. Qe1 c5 19. Nf3 Be7 20. c4 Bh5 21. Be2 g5
22. Bh2 g4 23. hxg4 fxg4 24. Nd2 Ng5 25. Bg3 Qg6 26. Qd1 Nf7 27. Qc2 Qg7 28. Qc3
Rad8 29. Nb3 b6 30. cxd5 exd5 31. Bxa6 Ra8 32. e6 Qxc3 33. exf7+ Rxf7 34. bxc3
Rxa6 35. Rc2 Bg6 36. Rb2 h5 37. Rd1 Rf5 38. Rbd2 Bf7 39. Rb2 Bf6 40. Rc1 Kg7 41.
Kf1 Be7 42. Rd1 h4 43. Bf4 Kg6 44. Rc1 Bg5 45. Bc7 Bxe3 46. Re1 d4 47. cxd4 cxd4
48. Nc1 g3 49. f3 Bc4+ 50. Ne2 d3 51. Nf4+ Bxf4 52. Bxb6 d2+ {White resigns} 0-1

[Event "Team 45 45 League T46"]
[Site "Internet Chess Club"]
[Date "2010.08.23"]
[Round "3"]
[White "randallsr"]
[Black "whale5970"]
[Result "0-1"]
[WhiteElo "1714"]
[BlackElo "1821"]
[Opening "Réti opening"]
[ECO "A04"]
[Time "10:00:33"]
[TimeControl "2700+45"]

1. Nf3 b6 2. g3 Bb7 3. Bg2 c5 4. b3 Nf6 5. d3 e6 6. c4 d6 7. Bb2 Be7 8. Nbd2
Nbd7 9. O-O O-O 10. Rc1 Qc7 11. Rc2 Rad8 12. Qa1 Qb8 13. a3 Qa8 14. Nh4 Rfe8 15.
Bxb7 Qxb7 16. Nhf3 Bf8 17. Re1 d5 18. d4 dxc4 19. Nxc4 Qe4 20. Rd2 Qf5 21. Nh4
Qg4 22. f3 Qg5 23. Red1 Nd5 24. Bc1 b5 25. Rc2 Qf6 26. Ne5 cxd4 27. Nxd7 Rxd7
28. Qxd4 Nb6 29. Qxd7 Nxd7 30. Rxd7 Rd8 31. Rdc7 Rd1+ 32. Kg2 Qd4 33. f4 Qg1+
34. Kh3 Qf1+ 35. Kg4 Qh1 36. Nf3 h6 37. f5 exf5+ 38. Kxf5 Rd5+ 39. Kg4 Qd1 40.
Be3 f5+ 41. Kh4 Be7+ 42. Ng5 hxg5+ 43. Kh5 Rd7 44. Rc8+ Kh7 45. Bxg5 Bxg5 46.
Kxg5 Qd5 47. R2c5 Qxb3 48. Rxf5 Rd5 49. Rc5 Rxc5 50. Rxc5 Qe3+ {White resigns}
0-1

[Event "Team 45 45 League T46"]
[Site "Internet Chess Club"]
[Date "2010.08.26"]
[Round "3"]
[White "check-man"]
[Black "Giacometti"]
[Result "1-0"]
[WhiteElo "1649"]
[BlackElo "1727"]
[Opening "English: Anglo-Dutch defense"]
[ECO "A10"]
[Time "20:00:18"]
[TimeControl "2700+45"]

1. c4 f5 2. d3 e5 3. e4 d6 4. Nc3 Nf6 5. g3 fxe4 6. Nxe4 Be7 7. Bg2 O-O 8. Qb3
Nxe4 9. Bxe4 Nc6 10. Ne2 Qe8 11. O-O Qf7 12. Be3 Qf6 13. Nc3 Bh3 14. Nd5 Qf7 15.
Nxc7 Nd4 16. Bxd4 exd4 17. Bd5 {Black resigns} 1-0

[Event "Team 45 45 League T46"]
[Site "Internet Chess Club"]
[Date "2010.08.18"]
[Round "3"]
[White "badmove"]
[Black "mmf00"]
[Result "1-0"]
[WhiteElo "1712"]
[BlackElo "1570"]
[Opening "Sicilian defense"]
[ECO "B20"]
[Time "17:00:14"]
[TimeControl "2700+45"]

1. e4 c5 2. d3 Nc6 3. g3 g6 4. Bg2 Bg7 5. f4 e6 6. Nf3 Nge7 7. O-O O-O 8. c3 d5
9. Na3 b6 10. e5 Bb7 11. Re1 Rc8 12. Nc2 Ba6 13. g4 c4 14. d4 b5 15. Bd2 Rb8 16.
Qe2 Bc8 17. Qf2 a5 18. Qh4 Bd7 19. Ng5 h6 20. Nf3 Nc8 21. Qg3 N8e7 22. h4 b4 23.
cxb4 axb4 24. Bh3 b3 25. axb3 cxb3 26. Ne3 Qc8 27. Rec1 Qd8 28. Ra3 Qb6 29. Bc3
Qd8 30. Nf1 Qb6 31. N1d2 f6 32. Nxb3 fxe5 33. fxe5 Qc7 34. Nc5 Nxe5 35. Nxe5
Bxe5 36. Qxe5 Qc8 37. Nxd7 Qxd7 38. Rf1 Rxf1+ 39. Bxf1 Rf8 40. Ra1 Nc6 41. Qe3
Kh7 42. Bb5 e5 43. Be2 exd4 44. Bxd4 Re8 45. Qf2 Qe6 46. Ra6 Qd7 47. Qf6 Qe7 48.
Qxe7+ Nxe7 49. Re6 Kg8 50. Bc5 Kf7 51. Rxe7+ Rxe7 52. Bxe7 Kxe7 53. Kf2 Kd6 54.
Ke3 Ke5 55. b4 d4+ 56. Kd3 Kd5 57. Bf3+ Ke5 58. b5 Kd6 59. Kxd4 Kc7 60. Ke5 Kb6
61. Be2 g5 62. hxg5 hxg5 63. Kf5 Kb7 64. Kxg5 Kb6 65. Kf6 Kb7 66. g5 Kb6 67. g6
Kb7 68. Ke6 Kb6 69. g7 Kc7 70. g8=Q Kb6 71. Qb8+ Kc5 72. b6 Kb4 73. b7 Kc5 74.
Qc8+ Kd4 75. Qc4+ Ke3 76. b8=Q Kd2 77. Qd8+ Ke3 78. Qcd3+ Kf4 79. Qh4# {Black
checkmated} 1-0

[Event "Team 45 45 League T46"]
[Site "Internet Chess Club"]
[Date "2010.08.24"]
[Round "3"]
[White "BadHabitMarco"]
[Black "chess92192"]
[Result "1/2-1/2"]
[WhiteElo "1960"]
[BlackElo "2098"]
[Opening "French: Fort Knox variation"]
[ECO "C10"]
[Time "19:32:29"]
[TimeControl "2700+45"]

1. e4 e6 2. d4 d5 3. Nc3 dxe4 4. Nxe4 Bd7 5. Nf3 Bc6 6. Bd3 Nd7 7. O-O Ngf6 8.
Nxf6+ Qxf6 9. Be2 h6 10. Re1 Bd6 11. c4 b6 12. b3 Bb7 13. Bb2 O-O 14. Qc2 Qf4
15. g3 Qe4 16. Qxe4 Bxe4 17. Rad1 Rad8 18. Nd2 Bc2 19. Rc1 Bg6 20. Bf3 c5 21.
Ne4 Be7 22. Rcd1 cxd4 23. Bxd4 Nf6 24. Nxf6+ {Game drawn by mutual agreement}
1/2-1/2

[Event "Team 45 45 League T46"]
[Site "Internet Chess Club"]
[Date "2010.08.21"]
[Round "3"]
[White "RamRock"]
[Black "poni"]
[Result "1/2-1/2"]
[WhiteElo "1808"]
[BlackElo "1935"]
[Opening "Philidor: Improved Hanham variation"]
[ECO "B07"]
[Time "12:00:48"]
[TimeControl "2700+45"]

1. e4 d6 2. d4 Nf6 3. Nc3 e5 4. Nf3 Nbd7 5. Bc4 Be7 6. O-O O-O 7. Re1 c6 8. Qd3
b5 9. Bb3 a6 10. Ne2 Bb7 11. Ng3 exd4 12. c4 dxc3 13. Qxc3 c5 14. Bf4 c4 15. Bc2
Nc5 16. Rad1 Qc7 17. e5 Nd5 18. Qd2 Nxf4 19. exd6 Bxd6 20. Qxd6 Qxd6 21. Rxd6
Rad8 22. Red1 Nfd3 23. Rxd8 Rxd8 24. Ne5 f6 25. Nxd3 Nxd3 26. f3 Rd5 27. Bxd3
cxd3 28. Kf2 b4 29. Ke3 Kf7 30. Rxd3 Ke6 31. Rd4 a5 32. Re4+ Kf7 33. Rd4 Re5+
34. Kd3 Ba6+ 35. Kd2 Kg6 36. f4 Re7 37. Rd5 Bb7 38. Rxa5 Bxg2 39. Rb5 Rd7+ 40.
Kc2 Rb7 41. Rxb7 Bxb7 42. Kd3 h5 43. h4 Bd5 44. b3 Kf7 45. Kd4 Bf3 46. Kc4 g5
47. fxg5 fxg5 48. Nxh5 gxh4 49. Nf4 Kf6 50. Kd4 Kf5 51. Ke3 Be4 52. Ne2 Bb1 53.
Kf3 Bxa2 54. Nd4+ Kg5 55. Ne6+ Kh5 56. Nf4+ Kg5 57. Ne6+ Kf6 58. Nd4 Kg5 59.
Ne6+ {Game drawn by repetition} 1/2-1/2

[Event "Team 45 45 League T46"]
[Site "Internet Chess Club"]
[Date "2010.08.23"]
[Round "3"]
[White "koni"]
[Black "RD1974"]
[Result "0-1"]
[WhiteElo "1831"]
[BlackElo "1853"]
[Opening "QGD: Tartakower (Makagonov-Bondarevsky) system"]
[ECO "D58"]
[Time "12:08:08"]
[TimeControl "2700+45"]

1. Nf3 d5 2. d4 e6 3. c4 Nf6 4. Nc3 Be7 5. Bg5 h6 6. Bh4 O-O 7. e3 b6 8. Rc1 Bb7
9. cxd5 exd5 10. Be2 Nbd7 11. O-O Re8 12. Qc2 c5 13. Rfd1 Rc8 14. dxc5 bxc5 15.
Qb3 Nb6 16. Bb5 c4 17. Qc2 Bc6 18. Bxc6 Rxc6 19. Nd4 Rc7 20. Ncb5 Rb7 21. Nc6
Qd7 22. Nxe7+ Qxe7 23. Qf5 g5 24. Bxg5 hxg5 25. Qxg5+ Kh8 26. Qh6+ Nh7 27. Nd6
Rg8 28. Nxb7 Qxb7 29. Rd4 Rg6 30. Qh5 Rg5 31. Qh6 Nd7 32. Rh4 Rg7 33. b3 d4 34.
g3 Ne5 35. Rh5 Nf3+ 36. Kf1 d3 37. Rxc4 Nd2+ 38. Kg1 Nxc4 39. bxc4 Qb1+ 40. Kg2
d2 41. Qc6 Kg8 42. Re5 d1=Q 43. Re8+ Nf8 44. Rxf8+ Kxf8 45. Qc5+ Kg8 46. Qc8+
Kh7 47. Qh3+ Kg6 {White resigns} 0-1

[Event "Team 45 45 League T46"]
[Site "Internet Chess Club"]
[Date "2010.08.21"]
[Round "3"]
[White "Monsoon-Smith"]
[Black "eurander"]
[Result "1-0"]
[WhiteElo "2135"]
[BlackElo "2192"]
[Opening "Caro-Kann: advance variation"]
[ECO "B12"]
[Time "17:30:18"]
[TimeControl "2700+45"]

1. e4 c6 2. d4 d5 3. e5 c5 4. dxc5 e6 5. Be3 Nh6 6. c3 Nf5 7. Bd4 Nc6 8. Nf3 Qc7
9. Bb5 Bd7 10. O-O Nfxd4 11. cxd4 Nxe5 12. Bxd7+ Nxd7 13. Nc3 Be7 14. Re1 O-O
15. Nxd5 exd5 16. Rxe7 Qd8 17. Qe2 Rb8 18. Re1 Nf6 19. Qb5 b6 20. c6 Ra8 21. c7
Qd6 22. a3 Rac8 23. Qb4 Qxb4 24. axb4 Rfe8 25. Ng5 Rxe7 26. Rxe7 Ne8 27. g3 h6
28. Nxf7 Rxc7 29. Nxh6+ Kf8 30. Rxc7 Nxc7 31. Nf5 Na6 32. b5 Nc7 33. Nd6 Ne6 34.
Nc8 Nxd4 35. Nxa7 Ke8 36. Nc8 Nxb5 37. Nxb6 d4 38. Kf1 Ke7 39. Ke2 Kd6 40. Kd3
Kc5 41. Nc4 Nc7 42. h4 Nd5 43. Nd2 Nf6 44. Ne4+ {Black resigns} 1-0

[Event "Team 45 45 League T46"]
[Site "Internet Chess Club"]
[Date "2010.08.24"]
[Round "3"]
[White "azbycx"]
[Black "Freitac"]
[Result "1-0"]
[WhiteElo "1896"]
[BlackElo "1893"]
[Opening "Neo-Grünfeld, 6.O-O"]
[ECO "D77"]
[Time "19:00:10"]
[TimeControl "2700+45"]

1. d4 Nf6 2. Nf3 g6 3. g3 Bg7 4. Bg2 d5 5. O-O O-O 6. c4 dxc4 7. Qa4 Nfd7 8.
Qxc4 Nb6 9. Qc2 Nc6 10. e3 Bf5 11. e4 Bg4 12. d5 Bxf3 13. dxc6 Bxg2 14. cxb7
Bxe4 15. Qxe4 Rb8 16. Nc3 Qd6 17. Bf4 e5 18. Rad1 Qe6 19. Bc1 f5 20. Qg2 c6 21.
Rfe1 Rxb7 22. Nb5 Rd7 23. Nd4 Qxa2 24. Nxc6 Rxd1 25. Rxd1 e4 26. Ne7+ Kf7 27.
Nc6 Qa4 28. Nd8+ Kg8 29. Qf1 Qb3 30. Nc6 Nc4 31. Nd4 Bxd4 32. Rxd4 Nxb2 33. Bxb2
Qxb2 34. Qc4+ Kh8 35. Qc5 Qb8 36. Rd7 Re8 37. Qd4+ Qe5 38. Qxa7 e3 39. Rxh7+ Kg8
40. Qf7# {Black checkmated} 1-0

[Event "Team 45 45 League T46"]
[Site "Internet Chess Club"]
[Date "2010.08.22"]
[Round "3"]
[White "Uragon-bocho"]
[Black "tourettes"]
[Result "1-0"]
[WhiteElo "2027"]
[BlackElo "1456"]
[Opening "French defense"]
[ECO "C00"]
[Time "15:24:40"]
[TimeControl "2700+45"]

1. e4 e6 2. Nf3 d5 3. exd5 exd5 4. d4 Nf6 5. Bd3 Be7 6. O-O O-O 7. c3 Re8 8. Bg5
Nbd7 9. Nbd2 c6 10. Re1 b6 11. Qc2 Bb7 12. Ne5 h6 13. Bh4 Nxe5 14. dxe5 Nd7 15.
Bg3 Nc5 16. Bh7+ Kh8 17. f4 Bh4 18. Nf3 Bxg3 19. hxg3 Bc8 20. b4 Nd7 21. Rad1
Nf8 22. Bd3 Bg4 23. Be2 Qd7 24. Nd4 Bxe2 25. Rxe2 Rac8 26. Nf5 Rc7 27. Nd6 Rd8
28. c4 Kg8 29. c5 b5 30. f5 Qe7 31. Rde1 Qg5 32. Qd3 Re7 33. Qf3 Ra8 34. a4 a6
35. Ra1 Rb8 36. axb5 axb5 37. Ra6 Rc7 38. e6 fxe6 39. fxe6 Nh7 40. Qf4 Qe7 41.
Nf5 Qd8 42. e7 Qd7 43. e8=Q+ Rxe8 44. Rxe8+ Qxe8 45. Qxc7 Qe1+ 46. Kh2 {Black
resigns} 1-0

[Event "Team 45 45 League T46"]
[Site "Internet Chess Club"]
[Date "2010.08.22"]
[Round "3"]
[White "vollmerj"]
[Black "AntonioMendonca"]
[Result "1/2-1/2"]
[WhiteElo "1718"]
[BlackElo "1595"]
[Opening "French: Tarrasch"]
[ECO "C03"]
[Time "18:33:28"]
[TimeControl "2700+45"]

1. e4 e6 2. d4 d5 3. Nd2 dxe4 4. Nxe4 Bd7 5. c3 Bc6 6. Ng3 Nd7 7. Nf3 Ngf6 8.
Be2 Be7 9. O-O O-O 10. Ne5 Nxe5 11. dxe5 Qxd1 12. Rxd1 Nd7 13. f4 Rad8 14. Be3
Bc5 15. Bxc5 Nxc5 16. Kf2 Ne4+ 17. Nxe4 Bxe4 18. Bf3 Bxf3 19. Kxf3 Rd5 20. Rxd5
exd5 21. Rd1 Rd8 22. g3 h6 23. Ke3 g5 24. f5 c5 25. Kf3 h5 26. g4 h4 27. h3 Kf8
28. a4 a6 29. Ke3 Ke7 30. Rd2 b5 31. axb5 axb5 32. b3 Rd7 33. Rd1 Kd8 34. Rd2
Ke7 35. Rd1 Kd8 36. Rd2 Ke7 {Game drawn by repetition} 1/2-1/2

[Event "Team 45 45 League T46"]
[Site "Internet Chess Club"]
[Date "2010.08.21"]
[Round "3"]
[White "Magagna"]
[Black "justice02"]
[Result "1-0"]
[WhiteElo "1854"]
[BlackElo "1767"]
[Opening "QGD: Marshall defense"]
[ECO "A50"]
[Time "13:00:15"]
[TimeControl "2700+45"]

1. d4 Nf6 2. c4 d5 3. Nc3 dxc4 4. e3 e6 5. Bxc4 Be7 6. Nf3 O-O 7. O-O b6 8. Re1
Bb7 9. e4 h6 10. Bf4 Nh5 11. Bg3 Nxg3 12. hxg3 Nd7 13. Rc1 a6 14. a3 Rc8 15. d5
exd5 16. exd5 Bf6 17. Nd4 Bxd4 18. Qxd4 Qf6 19. Qxf6 Nxf6 20. Re7 Rfe8 21. Rce1
Rxe7 22. Rxe7 Kf8 23. d6 cxd6 24. Rxf7+ Ke8 25. Rxb7 Rxc4 26. Rxb6 d5 27. Rxa6
d4 28. Ra4 Rxa4 29. Nxa4 Kd7 30. Kf1 Kc6 31. b4 Kb5 32. Nb2 Ne4 33. Ke2 h5 34.
Kd3 Nxf2+ 35. Kxd4 g5 36. Ke5 h4 37. Kf5 hxg3 38. Kxg5 Ne4+ 39. Kf4 Nc3 40. Kxg3
Nb1 41. a4+ Kxb4 42. Kf4 Nc3 43. Ke5 Kc5 44. g4 Kc6 45. g5 Kd7 46. a5 Ke7 47.
Nc4 Kf7 48. a6 Nb5 49. Nd6+ {Black resigns} 1-0

[Event "Team 45 45 League T46"]
[Site "Internet Chess Club"]
[Date "2010.08.22"]
[Round "3"]
[White "ILRE"]
[Black "Gilguli"]
[Result "1-0"]
[WhiteElo "1505"]
[BlackElo "1402"]
[Opening "Latvian counter-gambit"]
[ECO "C40"]
[Time "16:30:28"]
[TimeControl "2700+45"]

1. e4 e5 2. Nf3 f5 3. d4 fxe4 4. Nxe5 Nf6 5. Be2 d6 6. Ng4 Nc6 7. Bg5 Be7 8.
Nxf6+ Bxf6 9. Bxf6 Qxf6 10. c3 d5 11. O-O Bd7 12. Nd2 O-O-O 13. b4 Qg5 14. Kh1
Ne7 15. a4 Rhf8 16. a5 Rf6 17. c4 Rdf8 18. Qe1 Rg6 19. g3 Nc6 20. cxd5 Qxd5 21.
Bc4 Qxd4 22. Bb5 e3 23. Qxe3 Qd5+ 24. Kg1 Qxb5 25. Rab1 Bh3 26. Rfd1 Qd5 27. Ne4
Qe5 28. b5 Nxa5 29. Qxa7 c6 30. Qa8+ Qb8 31. Qxa5 Bf5 32. Rb4 Bxe4 33. Rxe4 Rd6
34. Rde1 b6 35. Qc3 Qc7 36. Re7 Qd8 37. Qa3 Rd7 38. Qa8+ Kc7 39. Qxc6+ Kb8 40.
Rxd7 {Black resigns} 1-0

[Event "Team 45 45 League T46"]
[Site "Internet Chess Club"]
[Date "2010.08.23"]
[Round "3"]
[White "JWB"]
[Black "cosen"]
[Result "1-0"]
[WhiteElo "1694"]
[BlackElo "1613"]
[Opening "English: four knights, kingside fianchetto"]
[ECO "A29"]
[Time "14:00:27"]
[TimeControl "2700+45"]

1. c4 e5 2. Nc3 Nf6 3. Nf3 Nc6 4. g3 d5 5. cxd5 Nxd5 6. d3 Bb4 7. Bd2 O-O 8. Bg2
Be6 9. O-O f6 10. Ne4 Be7 11. a3 a5 12. Rc1 Bf7 13. Nc5 b6 14. Nb3 Nd4 15. Nbxd4
exd4 16. Nxd4 c5 17. Nc6 Qd7 18. Nxe7+ Qxe7 19. e3 Rad8 20. Qc2 Rd7 21. Bc3 Nxc3
22. Qxc3 Rfd8 23. Rfd1 Bg6 24. d4 cxd4 25. exd4 Be4 26. Re1 Rxd4 27. f3 f5 28.
fxe4 fxe4 29. Qb3+ Kh8 30. Qxb6 Qg5 31. Qc5 Qxc5 32. Rxc5 Rd2 33. Re5 Rxb2 34.
R5xe4 g6 35. Re8+ Rxe8 36. Rxe8+ Kg7 37. Ra8 Rb5 38. a4 Rc5 39. Bf1 Kf6 40. Bb5
Rc1+ 41. Kg2 Rc2+ 42. Kh3 Kg5 43. Rxa5 Rc5 44. Ra6 h5 45. Rc6 Re5 46. Rc2 Kf6
47. Rb2 Re3 48. a5 Ra3 49. a6 Ra5 50. Bc4 g5 51. Ra2 g4+ 52. Kg2 {Black resigns}
1-0

[Event "Team 45 45 League T46"]
[Site "Internet Chess Club"]
[Date "2010.08.23"]
[Round "3"]
[White "marinellib"]
[Black "BenjaminSisko"]
[Result "1-0"]
[WhiteElo "1763"]
[BlackElo "1571"]
[Opening "Sicilian: Hungarian variation"]
[ECO "B27"]
[Time "20:08:04"]
[TimeControl "2700+45"]

1. e4 c5 2. Nf3 g6 3. c3 Bg7 4. d4 cxd4 5. cxd4 d5 6. e5 Nc6 7. Bd3 Bg4 8. O-O
Nxd4 9. Qa4+ Qd7 10. Qxd7+ Bxd7 11. Nxd4 Bxe5 12. Nf3 Bg7 13. Nc3 Nf6 14. Ne5
Be6 15. Nb5 O-O 16. Nc7 Rac8 17. Nxe6 fxe6 18. Bg5 Rfe8 19. Rac1 a6 20. b3 d4
21. Bc4 Nd5 22. Bxd5 exd5 23. Nd3 e5 24. Nb4 h6 25. Bh4 g5 26. Bg3 Rcd8 27. f3
Bf8 28. Nd3 e4 29. fxe4 dxe4 30. Ne5 d3 31. Rfd1 Bg7 32. Nc4 e3 33. Nd6 Re6 34.
Rxd3 Be5 35. Bxe5 Rxe5 36. Nc4 Rc8 37. Re1 {Black resigns} 1-0

[Event "Team 45 45 League T46"]
[Site "Internet Chess Club"]
[Date "2010.08.23"]
[Round "3"]
[White "rayngrant"]
[Black "Rapidcitychess"]
[Result "1-0"]
[WhiteElo "1582"]
[BlackElo "1498"]
[Opening "Caro-Kann: classical, 6.h4"]
[ECO "B18"]
[Time "21:00:12"]
[TimeControl "2700+45"]

1. e4 c6 2. d4 d5 3. Nc3 dxe4 4. Nxe4 Bf5 5. Ng3 Bg6 6. h4 h6 7. h5 Bh7 8. Nf3
Nf6 9. Bd3 Bxd3 10. Qxd3 e6 11. Bf4 Bd6 12. Bxd6 Qxd6 13. O-O-O Nbd7 14. Ne5
Nxe5 15. dxe5 Qxd3 16. Rxd3 Nd5 17. Ne2 Ke7 18. Rhd1 Rad8 19. g3 Nb6 20. Rxd8
Rxd8 21. Rxd8 Kxd8 22. f4 Nd5 23. Kd2 Kc7 24. a3 Kb6 25. c4 Nc7 26. Nc3 Kc5 27.
Kd3 Ne8 28. Na4# {Black checkmated} 1-0

[Event "Team 45 45 League T46"]
[Site "Internet Chess Club"]
[Date "2010.08.22"]
[Round "3"]
[White "rookmaster23"]
[Black "peterdiplaros"]
[Result "1-0"]
[WhiteElo "1456"]
[BlackElo "1454"]
[Opening "QGD Slav: 4.Nc3"]
[ECO "D15"]
[Time "15:00:18"]
[TimeControl "2700+45"]

1. d4 d5 2. c4 c6 3. Nc3 Nf6 4. Nf3 Nbd7 5. Bf4 e6 6. e3 Be7 7. Bd3 dxc4 8. Bxc4
b5 9. Bd3 O-O 10. Qc2 Bb7 11. O-O a6 12. e4 h6 13. Qd2 g5 14. Bxg5 hxg5 15.
Qxg5+ Kh8 16. e5 Rg8 17. Qh6+ {Black resigns} 1-0

[Event "Team 45 45 League T46"]
[Site "Internet Chess Club"]
[Date "2010.08.25"]
[Round "3"]
[White "Gregorio"]
[Black "SlimeDog2"]
[Result "1/2-1/2"]
[WhiteElo "1989"]
[BlackElo "2138"]
[Opening "English: symmetrical, Rubinstein system"]
[ECO "A15"]
[Time "20:50:34"]
[TimeControl "2700+45"]

1. c4 Nf6 2. g3 c5 3. Bg2 d5 4. cxd5 Nxd5 5. Nc3 Nc7 6. Nf3 Nc6 7. d3 e5 8. O-O
Be7 9. Be3 Be6 10. b3 O-O 11. Rc1 f6 12. Nh4 Qd7 13. Na4 b6 14. b4 Bxa2 15. bxc5
b5 16. Nb6 axb6 17. Bxc6 Qxc6 18. cxb6 Qe6 19. Rxc7 Bd6 20. Ra7 b4 21. Nf3 f5
22. Qc1 Bd5 23. Qa1 Rxa7 24. bxa7 f4 25. Bb6 Qe7 26. Qa5 Qb7 27. Nd2 {Game drawn
by mutual agreement} 1/2-1/2

[Event "Team 45 45 League T46"]
[Site "Internet Chess Club"]
[Date "2010.08.19"]
[Round "3"]
[White "chsrules88"]
[Black "BlackHorse"]
[Result "0-1"]
[WhiteElo "2005"]
[BlackElo "2104"]
[Opening "Pirc: classical (two knights) system"]
[ECO "B08"]
[Time "19:18:04"]
[TimeControl "2700+45"]

1. e4 d6 2. d4 Nf6 3. Nc3 g6 4. Nf3 Bg7 5. Bc4 O-O 6. O-O c6 7. a4 Bg4 8. h3
Bxf3 9. Qxf3 e5 10. dxe5 dxe5 11. Bg5 Nbd7 12. Qe3 Re8 13. Rad1 Qe7 14. Rd2 b6
15. Rfd1 Nf8 16. Rd6 Rac8 17. Qf3 Ne6 18. Rd7 Qxd7 19. Rxd7 Nxd7 20. Ba6 Nxg5
21. Qg4 Ne6 22. Bxc8 Rxc8 23. Qe2 Nd4 24. Qa6 Rc7 25. Qc4 Nc5 26. b4 Nce6 27.
Ne2 Nxe2+ 28. Qxe2 Rd7 29. Qa6 c5 30. bxc5 Nxc5 31. Qc8+ Bf8 32. Qe8 h5 33. Qxe5
Rd1+ 34. Kh2 Bd6 {White resigns} 0-1